 Dungeon Crawl Stone Soup version 0.29.1-12-g30fa7ad0bf (webtiles) character file.

Game seed: 10097882164862141062

81 MisterFreud the Twirler (level 4, 0/49 HPs)
             Began as a Formicid Gladiator on Dec 28, 2022.
             Succumbed to Robin's poison
             ... on level 4 of the Dungeon.
             The game lasted 00:01:56 (1499 turns).

MisterFreud the Twirler (Formicid Gladiator)        Turns: 1499, Time: 00:01:57

Health: 0/49       AC: 22    Str: 20 (21) XL:     4   Next: 67%
Magic:  4/4        EV:  2    Int:  6 (7)  God:
Gold:   11         SH:  0    Dex: 12 (15) Spells: 3/3 levels left

rFire   . . .      SeeInvis .   a - +0 quarterstaff
rCold   . . .      Faith    .   (no shield)
rNeg    . . .      Spirit   .   (body armour currently unavailable)
rPois   +          Reflect  .   (helmet unavailable)
rElec   .          Harm     .   (cloak currently unavailable)
rCorr   .          Rampage  .   (gloves currently unavailable)
Will    .....                   (boots currently unavailable)
Stlth   +.........              (no amulet)
HPRegen 0.16/turn               (no ring)
MPRegen 0.09/turn               (no ring)

@: lethally poisoned (0 -> -3), tree-form, attractive, invisible
A: stationary, stasis, torment immunity, boosted hp, permanent stasis, dig
shafts and tunnels, (antennae 3), four strong arms
a: no special abilities


You were on level 4 of the Dungeon.
You were a tree.
You visited 1 branch of the dungeon, and saw 3 of its levels.

You collected 11 gold pieces.

Inventory:

Hand Weapons
 a - a +0 quarterstaff (weapon)
Missiles
 c - 3 throwing nets (quivered)
 d - a javelin
Armour
 b - a +0 leather armour
 n - a +0 scale mail
 o - a +0 chain mail (melded)
Scrolls
 e - a scroll of identify {unknown}
 f - a scroll of silence {unknown}
 i - a scroll of summoning {unknown}
 k - a scroll of teleportation {unknown}
 m - a scroll of immolation {unknown}
Potions
 l - a potion of invisibility


   Skills:
 - Level 2.1 Fighting
 + Level 4.8 Staves
 - Level 2.0 Throwing
 + Level 1.2 Armour
 - Level 2.6 Dodging


You had 3 spell levels left.
You didn't know any spells.
Your spell library contained the following spells:

 Spells                   Type           Power      Damage    Failure   Level
 Slow                     Hex            0%         N/A       45%         1
 Confusing Touch          Hex            0%         N/A       83%         3
 Dazzling Flash           Conj/Hex       0%         N/A       83%         3
 Vampiric Draining        Necr           0%         2d6       83%         3
 Iskenderun's Mystic Bla  Conj/Tloc      0%         2d3       99%         4
 Starburst                Conj/Fire      0%         6d3       100%        6


Dungeon Overview and Level Annotations

Branches:
Dungeon (2/15)

Altars:

Annotations:
D:2 Robin


Innate Abilities, Weirdness & Mutations

You are a tree.
Your roots penetrate the ground, keeping you stationary.
You cannot be teleported.
You are immune to unholy pain and torment.
Your maximum health is greatly increased.
Your equipment is partially melded.
You cannot be hasted, slowed, berserked, paralysed or teleported.
You can dig through walls and to a lower floor.
((You have a pair of large antennae on your head. (SInv)))
Your four strong arms can wield two-handed weapons with a shield.


Message History

Are you sure you want to shaft yourself?
Robin hits you with a +2 dagger of venom.
You are poisoned.
You begin to dig a shaft.
You continue digging a shaft.
You feel very sick.
Robin hits you with a +2 dagger of venom.
You are lethally poisoned!
A shaft appears beneath you!
You fall into a shaft and drop 2 floors!
The shaft crumbles and collapses.
You feel very sick.
There is a lethal amount of poison in your body!
There is a lethal amount of poison in your body!
There is a lethal amount of poison in your body!
It was a potion of invisibility.
You fade into invisibility!
* * * LOW HITPOINT WARNING * * *
You feel very sick.
It was a potion of attraction.
You feel attractive to monsters.
* * * LOW HITPOINT WARNING * * *
You feel sick.
It was a potion of lignification.
You turn into a tree.
Your +0 chain mail melds into your body.
Your roots penetrate the ground.
* * * LOW HITPOINT WARNING * * *
You feel very sick.
There is a lethal amount of poison in your body!
It was a potion of degeneration.
There was something very wrong with that liquid.
You feel weakened.
You feel dopey.
You feel clumsy.
* * * LOW HITPOINT WARNING * * *
You feel sick.
Unknown command.
There is a lethal amount of poison in your body!
* * * LOW HITPOINT WARNING * * *
You feel sick.
* * * LOW HITPOINT WARNING * * *
You feel sick.
You die...

#.# #.#
#.# #.#
#.# #.#
#.# #♣#
#.........
##########


There were no monsters in sight!

Vanquished Creatures
  3 adders (D:2)
  A dart slug (D:1)
  2 ball pythons (D:2)
  4 endoplasms
  14 goblins
  5 hobgoblins
  4 jackals (D:1)
  2 bats (D:1)
  6 frilled lizards
  5 kobolds (D:1)
  3 rats
49 creatures vanquished.

Notes
Turn   | Place    | Note
-------+----------+-------------------------------------------
     0 | D:1      | MisterFreud the Formicid Gladiator began the quest for the
                  | Orb.
     0 | D:1      | Reached XP level 1. HP: 16/16 MP: 1/1
   157 | D:1      | Reached XP level 2. HP: 22/22 MP: 2/2
   687 | D:1      | Found a faded altar of an unknown god.
   803 | D:1      | Reached skill level 4 in Staves
   803 | D:1      | Reached XP level 3. HP: 20/27 MP: 3/3
  1405 | D:2      | Reached XP level 4. HP: 33/33 MP: 4/4
  1447 | D:2      | Noticed Robin
  1475 | D:2      | Reached skill level 1 in Armour
  1492 | D:2      | You fall into a shaft and drop 2 floors!
  1497 | D:4      | HP: 2/49 [poisoned by Robin]
  1499 | D:4      | Succumbed to Robin's poison

Illustrated notes

Levels and vault maps discovered:
D:1:      dpeg_arrival_morbid_curiosity, layout_basic,
          shapermc_ecumenical_altar_totnotflames
D:2:      layout_basic, uniq_robin
D:4:      layout_basic, minmay_temple_entry_junction, gammafunk_ghost_cemetery,
          serial_shops, shop, shop_coins

Skill      XL: |  1  2  3  4 |
---------------+-------------+-----
Staves         | 4 |  4.8
Armour         | 1 |  1.2
Fighting       | |  2.1
Throwing       | |  2.0
Dodging        | |  2.6

Action                   |  1- 3 |  4- 6 || total
-------------------------+-------+-------++-------
Melee: Quarterstaff      |    72 |    40 ||   112
       Punch             |     1 |     1 ||     2
 Abil: Shaft Self        |       |     1 ||     1
  Use: Potion            |       |     4 ||     4
Armor: Leather armour    |    13 |       ||    13
       Scale mail        |    13 |       ||    13
       Chain mail        |       |    25 ||    25
Dodge: Dodged            |    37 |    15 ||    52
